 Dungeon Crawl Stone Soup version 0.20-a0-1040-gfd09691 (webtiles) character file.

16954 Murumi the Unseen (level 12, -4/122 HPs)
             Began as a Naga Enchanter on Apr 23, 2017.
             Was an Elder of Dithmenos.
             Slain by an orc knight (17 damage)
             ... on level 2 of the Orcish Mines.
             The game lasted 01:43:03 (17203 turns).

Murumi the Unseen (Naga Enchanter)                 Turns: 17203, Time: 01:43:04

Health: -4/122     AC:  9    Str: 11    XL:     12   Next: 42%
Magic:  9/20       EV: 14    Int: 17    God:    Dithmenos [****..]
Gold:   1181       SH:  0    Dex: 15    Spells: 8/21 levels left

rFire    + . .     SeeInvis +   k - +1 dagger (venom)
rCold    + . .     Gourm    .   (no shield)
rNeg     + + .     Faith    .   y - +2 robe {rC+}
rPois    +         Spirit   .   i - +2 hat {MR+}
rElec    .         Reflect  .   (no cloak)
rCorr    .         Harm     .   (no gloves)
MR       ++...                  (no barding)
Stlth    ++++++++++             (no amulet)
Regen    0.3/turn               b - ring of Moniqa {rC+ rN++ Stlth+}
MPRegen  0.2/turn               n - ring of fire

@: wreathed by umbra, studying Fighting, very slow
A: repulsion field 1, see invisible, blink, deformed body, poison resistance,
slowness 2, slow metabolism 1, spit poison 1, AC +4
a: Spit Poison, Blink, Shadow Step, Renounce Religion


You were on level 2 of the Orcish Mines.
You worshipped Dithmenos.
Dithmenos was greatly pleased with you.
You were not hungry.

You visited 2 branches of the dungeon, and saw 13 of its levels.
You also visited: Bailey.

You collected 1181 gold pieces.

Inventory:

Hand Weapons
 k - a +1 dagger of venom (weapon)
 D - a +1 dagger of protection
Armour
 i - a +2 hat of magic resistance (worn)
 y - a +2 robe of cold resistance (worn)
Jewellery
 b - the ring of Moniqa (left hand) {rC+ rN++ Stlth+}
   (You acquired it on level 8 of the Dungeon)

   [ring of protection from cold]

   It protects you from cold.
   It greatly protects you from negative energy.
   It makes you more stealthy.
 e - an uncursed ring of magical power
 m - an uncursed ring of protection from magic
 n - a ring of fire (right hand)
Wands
 p - a wand of iceblast (8/15)
 q - a wand of iceblast (7/15)
 x - a wand of confusion (4/48)
 L - a wand of paralysis (11/24)
Scrolls
 j - a scroll of amnesia
 l - 9 scrolls of teleportation
 o - a scroll of enchant armour
 v - 2 scrolls of remove curse
 z - a scroll of fog
Potions
 g - 3 potions of flight
 A - 3 potions of brilliance
 C - 2 potions of curing
 J - 3 potions of agility
 K - a potion of might
Books
 c - a book of Maledictions

   Spells                             Type                      Level
   a - Corona                         Hexes                        1
   b - Ensorcelled Hibernation        Hexes/Ice                    2
   c - Confuse                        Hexes                        3
   d - Tukima's Dance                 Hexes                        3
   e - Dazzling Spray                 Conjuration/Hexes            3
 r - a book of Debilitation

   Spells                             Type                      Level
   a - Corona                         Hexes                        1
   b - Slow                           Hexes                        2
   c - Inner Flame                    Hexes/Fire                   3
   d - Portal Projectile              Hexes/Translocation          3
   e - Cause Fear                     Hexes                        4
   f - Leda's Liquefaction            Hexes/Earth                  4
 t - a book of Frost

   Spells                             Type                      Level
   a - Freeze                         Ice                          1
   b - Throw Frost                    Conjuration/Ice              2
   c - Ozocubu's Armour               Charms/Ice                   3
   d - Throw Icicle                   Conjuration/Ice              4
   e - Summon Ice Beast               Ice/Summoning                4
 B - a manual of Fighting
 H - a manual of Fighting
Comestibles
 d - 5 bread rations
 f - 4 meat rations
 w - 4 fruits
 F - 4 royal jellies


   Skills:
 - Level 12.1 Fighting
 - Level 6.0 Short Blades
 - Level 5.0 Dodging
 + Level 19.5 Stealth
 - Level 5.3 Spellcasting
 - Level 6.0 Hexes


You had 8 spell levels left.
You knew the following spells:

 Your Spells              Type           Power        Failure   Level  Hunger
a - Slow                  Hex            ###.....     1%          2    #......
b - Ensorcelled Hibernat  Hex/Ice        ##....       6%          2    #......
c - Confuse               Hex            ###.....     3%          3    ##.....
d - Tukima's Dance        Hex            ###.....     3%          3    ##.....
e - Dazzling Spray        Conj/Hex       ##....       12%         3    ##.....


Dungeon Overview and Level Annotations

Branches:
Dungeon (11/15)            Temple (0/1) D:6            Lair (0/6) D:11
    Orc (2/2) D:10
    Elf: Orc:2

Altars:
Cheibriados
Dithmenos
Makhleb
Nemelex Xobeh
Sif Muna
Xom
Zin
Beogh

Shops:
D:6 (   D:7 *


Innate Abilities, Weirdness & Mutations

You cannot wear boots.
Your serpentine skin is tough. (AC +4)
You have supernaturally acute eyesight. (SInv)
Armour fits poorly on your strangely shaped body.
Your system is resistant to poisons. (rPois)
You cover ground very slowly.
You have a slow metabolism.
You can spit poison.
You are surrounded by a mild repulsion field. (EV +2)
You can translocate small distances at will.


Message History

Aim: an orc knight, wearing a plate armour (lightly wounded, umbra, chance to defeat MR: 28%)
The orc knight easily resists.
The orc knight hits you.
* * * LOW HITPOINT WARNING * * *
Casting: Ensorcelled Hibernation
Confirm with . or Enter, or press ? or * to list all spells.
Aiming: Ensorcelled Hibernation
Press: ? - help, Shift-Dir - straight line, f/p - orc knight
Aim: an orc knight, wearing a plate armour (lightly wounded, umbra, chance to defeat MR: 28%)
The orc knight easily resists.
The orc knight hits you.
* * * LOW HITPOINT WARNING * * *
Your magical contamination has completely faded away.
Casting: Ensorcelled Hibernation
Confirm with . or Enter, or press ? or * to list all spells.
Aiming: Ensorcelled Hibernation
Press: ? - help, Shift-Dir - straight line, f/p - orc knight
Aim: an orc knight, wearing a plate armour (lightly wounded, umbra, chance to defeat MR: 28%)
The orc knight easily resists.
Your shadow mimicks your spell!
The orc knight easily resists.
The orc knight hits you!
You die...

#............####
#...........
###.........##
............
#####......##
#..........)
..#.........#
###.........
#...........##
###.......
.............# ###
###.....
.............#####.##
#8.)(8
.............#.##o).#
#.....
.....##.#.......@#..##
#.....
......#.#.......##.o.#
#..)..
...............####o.#
#........
.............### #...#
##..o....
..#.........##
#.......8...o..o..
.........#
#...........o......
.....####
##.#............_oo
.....
#.##............o. .
.....8...


You could see an orc knight.

Vanquished Creatures
  The ghost of tilp the Cleaver, a novice MiBe of Trog (D:8)
  2 two-headed ogres
  An orc high priest (Orc:2)
  An unseen horror (D:10)
  Pikel (D:5)
  An orc knight (Bailey)
  An ugly thing (D:11)
  The ghost of SushiGirl the Thaumaturge, a novice DECj of Vehumet (D:6)
  2 trolls
  Sigmund (D:4)
  2 hippogriffs (D:9)
  A wyvern (D:10)
  22 yaks
  A wraith (D:11)
  Eustachio (D:4)
  A human (D:7)
  3 hogs (D:7)
  Menkaure (D:4)
  A hungry ghost (D:7)
  2 wargs (Orc:1)
  30 orc warriors
  2 ice beasts
  8 ogres
  An eye of draining (D:9)
  9 centaurs
  5 big kobolds
  Blork the orc (Orc:2)
  2 bullfrogs
  2 scorpions
  A killer bee (D:7)
  5 crimson imps
  2 centaur zombies
  A bullfrog zombie (D:7)
  3 hounds
  5 bullfrog skeletons
  9 orc priests
  4 iguanas
  2 gnoll shamans
  13 orc wizards
  2 worker ants
  A hound zombie (D:6)
  A hound skeleton (D:7)
  2 worker ant zombies
  6 gnolls
  14 adders
  2 shadow imps
  2 oozes
  5 worms
  An adder skeleton (D:6)
  An adder zombie (D:6)
  3 dart slugs
  4 leopard geckos
  62 orcs
  A ball python (D:5)
  3 giant cockroaches
  10 hobgoblins
  10 jackals
  29 kobolds
  4 quokkas
  7 bats
  10 frilled lizards
  4 goblins (D:2)
  2 quokka skeletons
  7 rats
345 creatures vanquished.

Vanquished Creatures (collateral kills)
  2 ogres
  An orc wizard (Orc:2)
3 creatures vanquished.

Vanquished Creatures (others)
  3 dancing weapons
  A hound zombie (D:5)
4 creatures vanquished.

Grand Total: 352 creatures vanquished

Notes
Turn   | Place    | Note
-------+----------+-------------------------------------------
     0 | D:1      | Murumi the Naga Enchanter began the quest for the Orb.
     0 | D:1      | Reached XP level 1. HP: 15/15 MP: 3/3
   224 | D:1      | Reached XP level 2. HP: 22/22 MP: 5/5
   228 | D:1      | Learned a level 2 spell: Ensorcelled Hibernation
   582 | D:1      | Reached skill level 5 in Stealth
  1173 | D:2      | Reached skill level 1 in Fighting
  1269 | D:2      | Reached XP level 3. HP: 31/31 MP: 6/6
  1274 | D:2      | Learned a level 3 spell: Confuse
  1954 | D:2      | Reached skill level 6 in Stealth
  2310 | D:2      | Reached XP level 4. HP: 28/38 MP: 7/7
  3032 | D:3      | Reached skill level 7 in Stealth
  3136 | D:3      | Reached XP level 5. HP: 44/44 MP: 8/8
  3142 | D:3      | Reached skill level 8 in Stealth
  3615 | D:3      | Found a shadowy altar of Dithmenos.
  3615 | D:3      | Found a deep blue altar of Sif Muna.
  3676 | D:3      | Became a worshipper of Dithmenos the Shadowed
  3860 | D:4      | Reached skill level 9 in Stealth
  3867 | D:4      | Reached XP level 6. HP: 37/51 MP: 1/9
  3995 | D:4      | Learned a level 3 spell: Tukima's Dance
  4007 | D:4      | Noticed Menkaure
  4149 | D:4      | Killed Menkaure
  4149 | D:4      | Reached XP level 7. HP: 62/62 MP: 4/10
  4210 | D:4      | Noticed Eustachio
  4223 | D:4      | Killed Eustachio
  4223 | D:4      | Reached skill level 10 in Stealth
  4563 | D:4      | Noticed Sigmund
  4574 | D:4      | Gained mutation: You can translocate small distances at will. [potion of mutation]
  4574 | D:4      | Gained mutation: You are surrounded by a mild repulsion field. (EV +2) [potion of mutation]
  4610 | D:4      | Killed Sigmund
  4610 | D:4      | Reached skill level 11 in Stealth
  4915 | D:5      | Entered Level 5 of the Dungeon
  4960 | D:5      | Reached XP level 8. HP: 69/69 MP: 11/11
  4972 | D:5      | Reached * piety under Dithmenos
  5069 | D:5      | Reached skill level 12 in Stealth
  5146 | D:5      | Noticed Pikel
  5164 | D:5      | Killed Pikel
  5164 | D:5      | Reached skill level 14 in Stealth
  5451 | D:6      | Found Qitaus's Weapon Emporium.
  5724 | D:6      | Noticed SushiGirl's ghost (novice DECj)
  5793 | D:6      | Killed SushiGirl's ghost
  5793 | D:6      | Reached skill level 5 in Spellcasting
  5793 | D:6      | Reached XP level 9. HP: 20/75 MP: 7/16
  6042 | D:6      | Learned a level 3 spell: Dazzling Spray
  6565 | D:6      | Reached ** piety under Dithmenos
  6903 | D:6      | Found a staircase to the Ecumenical Temple.
  8549 | D:7      | Reached skill level 5 in Hexes
  8586 | D:7      | Reached XP level 10. HP: 63/86 MP: 2/18
  8601 | D:7      | Reached *** piety under Dithmenos
  8693 | D:7      | Reached skill level 5 in Dodging
  9114 | D:7      | Found Zin's Purification Station.
  9131 | D:7      | Found a glowing silver altar of Zin.
  9711 | D:8      | Found a snail-covered altar of Cheibriados.
  9781 | D:8      | Found a flagged portal.
  9781 | D:8      | Noticed tilp's ghost (novice MiBe)
  9805 | D:8      | Killed tilp's ghost
  9805 | D:8      | Reached skill level 15 in Stealth
  9831 | Bailey   | Entered a bailey
 10144 | Bailey   | HP: 3/86 [orc warrior/bolt (23)]
 10497 | Bailey   | Reached skill level 16 in Stealth
 10605 | Bailey   | Reached skill level 5 in Short Blades
 10968 | Bailey   | Reached skill level 5 in Fighting
 11103 | Bailey   | Found a roughly hewn altar of Beogh.
 11103 | Bailey   | Noticed an orc knight
 11107 | Bailey   | Killed an orc knight
 11107 | Bailey   | Reached XP level 11. HP: 100/100 MP: 19/19
 11159 | D:8      | Identified a scroll of acquirement
 11160 | D:8      | Got a scintillating lead ring
 11161 | D:8      | Identified the ring of Moniqa {rC+ rN++ Stlth+} (You acquired it on level 8 of the Dungeon)
 11504 | D:8      | Reached **** piety under Dithmenos
 11626 | D:8      | Learned a level 2 spell: Slow
 11999 | D:9      | Noticed a two-headed ogre
 12007 | D:9      | Killed a two-headed ogre
 12007 | D:9      | Reached skill level 17 in Stealth
 12449 | D:9      | Found a sparkling altar of Nemelex Xobeh.
 12479 | D:9      | Reached skill level 10 in Fighting
 12798 | D:9      | Reached skill level 18 in Stealth
 13208 | D:9      | Found a burning altar of Makhleb.
 13209 | D:9      | Found a shimmering altar of Xom.
 13868 | D:10     | Entered Level 10 of the Dungeon
 13868 | D:10     | Noticed an unseen horror
 13874 | D:10     | Killed an unseen horror
 13958 | D:10     | Reached ***** piety under Dithmenos
 14330 | D:10     | Found a staircase to the Orcish Mines.
 14426 | D:10     | Noticed a two-headed ogre
 14430 | D:10     | Killed a two-headed ogre
 14430 | D:10     | Reached XP level 12. HP: 116/116 MP: 20/20
 14603 | D:10     | Reached skill level 19 in Stealth
 15246 | D:11     | HP: 2/120 [iguana (13)]
 15613 | Orc:1    | Entered Level 1 of the Orcish Mines
 16351 | Orc:2    | Entered Level 2 of the Orcish Mines
 16418 | Orc:2    | Noticed an orc high priest
 16418 | Orc:2    | Noticed Blork the orc
 16433 | Orc:2    | Killed Blork the orc
 16457 | Orc:2    | Found a roughly hewn altar of Beogh.
 16458 | Orc:2    | Killed an orc high priest
 16459 | Orc:2    | Noticed an orc warlord
 17203 | Orc:2    | Slain by an orc knight

Vault maps used:
D:1:      tarquinn_simple_flora_water_f
D:3:      gammafunk_temple_overflow_elements
D:4:      first_bread, uniq_eustachio, uniq_menkaure, uniq_sigmund
D:5:      uniq_pikel
D:6:      minmay_temple_entry_fiery, serial_shops, shop
D:7:      zin_purify, grunt_livestock, water_maze_lemuel
D:8:      basic_altar, enter_bailey_2
D:9:      grunt_temple_overflow_champion_of_chaos,
          nemelex_xobeh_ov_fountains_minmay, due_unseen_surprise
D:10:     orc_0_dummy, small_chamber_with_monster
D:11:     dpeg_lair_monsters, portal_ice_cave_entry_pillars_2, serial_shops,
          shop, nemelex_diamond_rough_becter
Orc:2:    grunt_orc_cross, serial_shops, shop, nicolae_orc_lost_temple
Bailey:   bailey_polearm_2, bailey

Skill      XL: |  1  2  3  4  5  6  7  8  9 10 11 12 |
---------------+-------------------------------------+-----
Dodging        | 2 4 5 |  5.0
Stealth        | 5 6 7 9 11 14 16 18 19 | 19.5
Fighting       | 1 3 4 7 10 12 | 12.1
Short Blades   | 3 4 5 6 |  6.0
Spellcasting   | 5 |  5.3
Hexes          | 5 6 |  6.0

Action                   |  1- 3 |  4- 6 |  7- 9 | 10-12 || total
-------------------------+-------+-------+-------+-------++-------
Melee: Dagger            |   119 |   106 |   486 |   534 ||  1245
       Unarmed           |       |       |     3 |       ||     3
 Cast: Ensorcelled Hiber |     1 |    10 |    65 |   190 ||   266
       Confuse           |       |     2 |     8 |    10 ||    20
       Tukima's Dance    |       |       |     2 |     9 ||    11
       Dazzling Spray    |       |       |       |     1 ||     1
Invok: Shadow Step       |       |       |       |     9 ||     9
 Abil: Spit Poison       |    29 |    20 |    21 |    23 ||    93
       Blink             |       |       |     9 |    15 ||    24
  Use: Scroll            |     1 |     1 |     5 |    19 ||    26
       Potion            |       |       |     7 |    10 ||    17
 Stab: Sleeping          |    13 |    10 |    36 |   129 ||   188
       Distracted        |       |     1 |     2 |     5 ||     8
       Confused          |       |     1 |     2 |     1 ||     4
       Invisible         |       |       |     2 |     8 ||    10
  Eat: Chunk             |     5 |     6 |    11 |    20 ||    42
       Meat ration       |       |       |     1 |     2 ||     3
Armor: Robe              |    29 |    28 |   109 |   130 ||   296
       Skin              |       |       |     1 |       ||     1
Dodge: Dodged            |    73 |    58 |   338 |   479 ||   948
